 Dungeon Crawl Stone Soup version 0.19.0 (webtiles) character file.

3806 Gingerlord the Protected (level 10, 0/65 HPs)
             Began as a Gargoyle Fighter on Nov 1, 2016.
             Was a Follower of the Shining One.
             Slain by a river rat (4 damage)
             ... summoned by Gastronok
             ... on level 8 of the Dungeon.
             The game lasted 00:15:11 (6458 turns).

Gingerlord the Protected (Gargoyle Fighter)         Turns: 6458, Time: 00:15:12

Health: 0/65       AC: 31    Str: 19    XL:     10   Next: 17%
Magic:  10/10      EV:  5    Int: 10    God:    the Shining One [*.....]
Gold:   334        SH: 11    Dex: 14    Spells: 0 memorised, 9 levels left

rFire  . . .     SeeInvis .     B - +2 whip (elec)
rCold  . . .     Gourm    .     J - +0 plate armour
rNeg   + . .     Faith    .     c - +0 shield
rPois  ∞         Spirit   .     (no helmet)
rElec  +         Reflect  .     v - +0 cloak
rCorr  +         Harm     .     u - +0 pair of gloves
MR     .....     Clarity  +     (no boots)
Stlth  ..........               w - amulet of rage
                                A - ring of Robustness {AC+8}
                                k - ring of resist corrosion

@: glowing
A: claws 1, agile 1, clarity, negative energy resistance 1, electricity
resistance, unbreathing, petrification resistance, rot immunity, AC +7
a: Renounce Religion, Evoke Berserk Rage


You were on level 8 of the Dungeon.
You worshipped the Shining One.
The Shining One was aware of your devotion.
You were very hungry.

You visited 2 branches of the dungeon, and saw 9 of its levels.

You collected 334 gold pieces.

Inventory:

Hand Weapons
 t - a +1 morningstar of holy wrath
 B - a +2 whip of electrocution (weapon)
Armour
 c - a +0 shield (worn)
 u - a +0 pair of gloves (worn)
 v - a +0 cloak (worn)
 J - a +0 plate armour (worn)
Jewellery
 b - a +4 amulet of reflection {unknown}
 k - a ring of resist corrosion (left hand)
 w - an amulet of rage (around neck)
 A - the ring of Robustness (right hand) {AC+8}
   (You found it on level 4 of the Dungeon)

   [ring of protection]

   It affects your AC (+8).
Wands
 a - a wand of lightning (4/15)
 D - a wand of digging (20/24)
Scrolls
 i - 2 scrolls of immolation
 j - 5 scrolls of teleportation
 m - 2 scrolls of blinking {unknown}
 n - 2 scrolls of magic mapping
 o - a scroll of identify
 p - a scroll of fear {unknown}
 q - a scroll of amnesia {unknown}
 r - a scroll of noise {unknown}
 y - 6 scrolls of remove curse
 C - a scroll of vulnerability {unknown}
 E - a scroll of recharging {unknown}
Potions
 d - a potion of might
 e - 2 potions of resistance
 g - a potion of berserk rage
 l - a potion of haste
 s - 7 potions of curing
 x - 2 potions of cancellation
 z - a potion of degeneration {unknown}
 F - 2 potions of lignification
 G - a potion of agility {unknown}
 H - a potion of magic {unknown}
 I - a potion of ambrosia {unknown}
Comestibles
 f - 8 bread rations
 h - 4 meat rations
 K - 2 beef jerkies
 L - 7 slices of pizza
 M - a royal jelly


   Skills:
 + Level 8.6 Fighting
 + Level 7.3 Maces & Flails
 + Level 8.8 Armour
 + Level 8.4 Shields


You had 9 spell levels left.
You didn't know any spells.

Dungeon Overview and Level Annotations

Branches:
Dungeon (8/15)             Temple (1/1) D:5
   Lair: D:8-11

Altars:
Ashenzari
Cheibriados
Dithmenos
Elyvilon
Fedhas
Gozag
Hepliaklqana
Kikubaaqudgha
Makhleb
Okawaru
Qazlal
Ru
Sif Muna
Trog
Uskayaw
Vehumet
Xom
Zin
The Shining One

Shops:
D:4 }%

Annotations:
D:2 Sigmund
D:8 Gastronok


Innate Abilities, Weirdness & Mutations

You are resistant to torment.
Your stone body is resilient. (AC +7)
You are immune to poison.
You resist negative energy. (rN+)
You are resistant to electric shocks. (rElec)
You can survive without breathing.
You are immune to petrification.
You are immune to rotting.
You have sharp fingernails.
You are agile. (Dex +2)
You possess an exceptional clarity of mind.


Message History

Unknown command.
You hit Gastronok.
There is a sudden explosion of sparks!
Gastronok is severely wounded.
The quokka bites you but does no damage.
The river rat barely misses you.
The river rat bites you but does no damage.
You hit Gastronok.
Gastronok is severely wounded.
The quokka completely misses you. The river rat bites you.
You block the river rat's attack.
You hit Gastronok but do no damage.
Gastronok is severely wounded.
You block the quokka's attack.
The river rat bites you but does no damage.
You block the river rat's attack. Gastronok bites you!!
* * * LOW HITPOINT WARNING * * *
You hit Gastronok but do no damage.
Gastronok is severely wounded.
You block the quokka's attack. The river rat bites you.
You die...

... .#. #.. .#.##.#
######### ...##.#
#8.8..8.# #.##.###
#._..._8#
#......#####.......#
##....>.#8.........8#
...##.#.'....._..._.#
........#8.....r@..8#
##.##.#.#####..rrw..#
##.##.#.# #._..._8#
##....#.# #8.8..8.#
......#.# #########
.#..#.#.# .#..#.#.##
.#..#..... ........#


You could see Gastronok, 2 river rats and a quokka.

Vanquished Creatures
  Pikel (D:5)
  Joseph (D:8)
  The ghost of CompileTime the Magician, a novice DEWz (D:7)
  2 wyverns (D:8)
  A human (D:7)
  4 hogs (D:7)
  A water moccasin (D:7)
  A slave (D:5)
  An orc warrior (D:7)
  The ghost of ddubois the Bolt Thrower, an amateur DDHu (D:3)
  A centaur (D:5)
  A big kobold (D:7)
  2 bullfrogs (D:7)
  2 scorpions
  4 killer bees (D:8)
  2 howler monkeys (D:6)
  2 crimson imps (D:5)
  A bullfrog skeleton (D:6)
  3 hounds
  Crazy Yiuf (D:3)
  3 orc priests
  A gnoll shaman (D:5)
  A centaur skeleton (D:6)
  2 iguanas (D:5)
  3 orc wizards
  5 worker ants
  Natasha (D:4)
  12 adders
  6 gnolls
  3 adder skeletons
  3 worms
  2 dart slugs
  5 leopard geckos
  20 orcs
  10 giant cockroaches
  4 goblins
  10 hobgoblins
  6 jackals
  10 kobolds
  3 quokkas
  A ball python skeleton (D:4)
  4 bats
  6 frilled lizards
  A jackal skeleton (D:8)
  A leopard gecko skeleton (D:7)
  A leopard gecko zombie (D:7)
  A quokka skeleton (D:4)
  11 rats
169 creatures vanquished.

Vanquished Creatures (others)
  A quokka (D:6)
  8 fungi (D:6)
9 creatures vanquished.

Grand Total: 178 creatures vanquished

Notes
Turn   | Place    | Note
-------+----------+-------------------------------------------
     0 | D:1      | Gingerlord the Gargoyle Fighter began the quest for the Orb.
     0 | D:1      | Reached XP level 1. HP: 14/14 MP: 1/1
   125 | D:1      | Reached XP level 2. HP: 14/19 MP: 2/2
   734 | D:2      | Reached XP level 3. HP: 24/24 MP: 3/3
  1257 | D:2      | Noticed Sigmund
  1363 | D:2      | Reached XP level 4. HP: 29/29 MP: 4/4
  1915 | D:3      | Reached XP level 5. HP: 33/33 MP: 5/5
  2226 | D:3      | Noticed ddubois's ghost (amateur DDHu)
  2236 | D:3      | Killed ddubois's ghost
  2407 | D:3      | Found a runed door.
  2421 | D:3      | Noticed Crazy Yiuf
  2424 | D:3      | Killed Crazy Yiuf
  2424 | D:3      | Reached XP level 6. HP: 39/39 MP: 6/6
  2489 | D:3      | Gained mutation: You possess an exceptional clarity of mind. [potion of beneficial mutation]
  2490 | D:3      | Gained mutation: You are agile. (Dex +2) [potion of beneficial mutation]
  2491 | D:3      | Gained mutation: You have sharp fingernails. [potion of beneficial mutation]
  3025 | D:4      | Reached skill level 5 in Armour
  3054 | D:4      | Found Kouvaeni's Gadget Shop.
  3104 | D:4      | Reached skill level 5 in Fighting
  3104 | D:4      | Reached skill level 5 in Shields
  3172 | D:4      | Found Etzoul's Food Shop.
  3228 | D:4      | Noticed Natasha
  3232 | D:4      | Killed Natasha
  3317 | D:4      | Found a shadowy altar of Dithmenos.
  3376 | D:4      | Reached XP level 7. HP: 44/44 MP: 7/7
  3629 | D:5      | Entered Level 5 of the Dungeon
  3647 | D:5      | Found a staircase to the Ecumenical Temple.
  3675 | Temple   | Entered the Ecumenical Temple
  3757 | Temple   | Became a worshipper of the Shining One
  3779 | D:5      | Found a shattered altar of Ashenzari.
  3895 | D:5      | Noticed Pikel
  3932 | D:5      | Killed Pikel
  3932 | D:5      | Reached XP level 8. HP: 47/51 MP: 8/8
  4071 | D:5      | Reached skill level 5 in Maces & Flails
  4509 | D:6      | Found a white marble altar of Elyvilon.
  5469 | D:7      | Reached * piety under the Shining One
  5484 | D:7      | Reached XP level 9. HP: 56/56 MP: 9/9
  5640 | D:7      | Noticed CompileTime's ghost (novice DEWz)
  5654 | D:7      | Killed CompileTime's ghost
  5913 | D:7      | Found an ancient bone altar of Kikubaaqudgha.
  5922 | D:7      | Found a snail-covered altar of Cheibriados.
  6127 | D:8      | Reached XP level 10. HP: 59/64 MP: 10/10
  6149 | D:8      | Noticed Joseph
  6174 | D:8      | Killed Joseph
  6418 | D:8      | Found a shimmering altar of Xom.
  6420 | D:8      | Found a shattered altar of Ashenzari.
  6420 | D:8      | Found a blossoming altar of Fedhas.
  6423 | D:8      | Found a hazy altar of Hepliaklqana.
  6423 | D:8      | Found a hide-covered altar of Uskayaw.
  6423 | D:8      | Found a shattered altar of Ashenzari.
  6424 | D:8      | Noticed Gastronok
  6458 | D:8      | Slain by a river rat

Skill      XL: |  1  2  3  4  5  6  7  8  9 |
---------------+----------------------------+-----
Fighting       | 4 5 6 8 |  8.6
Armour         | 4 5 6 7 8 |  8.8
Shields        | 4 5 6 8 |  8.4
Maces & Flails | 3 4 5 7 |  7.3

Action                   |  1- 3 |  4- 6 |  7- 9 | 10-12 || total
-------------------------+-------+-------+-------+-------++-------
Melee: Flail             |   160 |   103 |       |       ||   263
       Morningstar       |       |    89 |    71 |       ||   160
       Whip              |       |       |   223 |    56 ||   279
  Use: Scroll            |       |     3 |    10 |       ||    13
       Potion            |       |     3 |       |       ||     3
  Eat: Chunk             |     2 |     6 |     8 |       ||    16
       Beef jerky        |       |       |     1 |       ||     1
Armor: Scale mail        |   101 |   158 |    86 |       ||   345
       Chain mail        |       |       |    33 |       ||    33
       Plate armour      |       |       |    41 |    19 ||    60
Dodge: Dodged            |    40 |    71 |    64 |     7 ||   182
Block: Shield            |    82 |   128 |   150 |    22 ||   382
